Unix NetHack Version 5.0.0-0 post-release - last build Jun 10 2026 00:39:30 (3ee93aec679c4c4259841fe613dc97188e26a321,branch:main).

Game began 2026-06-13 17:48:05, ended 2026-06-13 17:49:02.

Brudee, chaotic female human Rogue

  *-h
  .@|
  ..--
  -..|
   -.--
  ....---
  .<....--
  .......|
     ...--
      ---

Brudee the Footpad      St:10 Dx:18 Co:12 In:12 Wi:12 Ch:9  Chaotic S:160
Dlvl:4  $:10 HP:0(12) Pw:2(2) AC:7  Xp:1/0 T:136 

Latest messages:
 [Kos has chosen you to recover the Amulet of Yendor for Him.]
 Hello Brudee, welcome to NetHack!  You are a chaotic female human Rogue.
 Set fruit to what? 
 You swap places with Shaggy.
 You hit the newt.
 The newt bites!
 You miss the newt.
 Shaggy bites the newt.
 The newt is killed!
 You swap places with Shaggy.
 $ - 3 gold pieces.
 g - a scroll labeled NR 9.
 You descend the stairs.
 You hear someone counting gold coins.
 You see here 8 rocks.
 You see here 2 food rations.
 h - a scroll labeled NR 9.
 There is nothing here to pick up.
 The door opens.
 $ - 7 gold pieces (10 in total).
 You see here a boomerang.
 i - a boomerang.
 You descend the stairs.
 The gnome hits!
 The gnome lord throws a dart!
 You are hit by a dart.
 The gnome hits!
 The gnome picks up a dart.
 The gnome picks up a gem.
 The gnome throws a dart!
 You are almost hit by a dart.
 You descend the stairs.
 What do you want to use or apply? [ef or ?*] ?
 What do you want to use or apply? [ef or ?*] <space>
 Never mind.
 You hear crashing rock.
 The dwarf swings his broad pick.
 The dwarf hits!
 You die...
 Do you want your possessions identified? [ynq] (y) y
 Do you want to see your attributes? [ynq] (y) q

Inventory:
 Coins    ('$')
  $ - 10 gold pieces
 Weapons  (')')
  i - a +0 boomerang
  b - 15 +0 daggers (alternate weapons; not wielded)
  a - a +0 short sword (weapon in right hand)
 Armor    ('[')
  c - a blessed +1 leather armor (being worn)
 Scrolls  ('?')
  h - a blessed scroll of teleportation
  g - an uncursed scroll of teleportation
 Potions  ('!')
  d - an uncursed potion of sickness
 Tools    ('(')
  f - an empty uncursed sack
  e - an uncursed lock pick

Brudee the Rogue's attributes:

Background:
 You were a Footpad, a level 1 female human Rogue.
 You were chaotic, on a mission for Kos
 who was opposed by Issek (lawful) and Mog (neutral).
 You were right-handed.
 You were in the Gnomish Mines, on level 4.
 You entered the dungeon 136 turns ago.
 You had 0 experience points, 20 were needed to attain level 2.
 Your score was 160 before end-of-game adjustments.

Basics:
 You had 0 out of 12 hit points.
 You had both energy points (spell power).
 Your armor class was 7.
 Your wallet contained 10 zorkmids.
 Autopickup was on for '$!=+?/"' plus thrown.

Final Characteristics:
 Your strength was 10 (limit:18/100).
 Your dexterity was 18 (limit:18).
 Your constitution was 12 (limit:18).
 Your intelligence was 12 (limit:18).
 Your wisdom was 12 (limit:18).
 Your charisma was 9 (limit:18).

Final Status:
 You weren't hungry.
 You were unencumbered.
 You were wielding a short sword.
 You had basic skill with short sword.

Final Attributes:
 You were fervently aligned.
 You were stealthy.
 You were warded.
 You are dead.

Miscellaneous:
 You didn't encounter any bones levels.
 Total elapsed playing time was 56 seconds.

Major events:
 Turn
    1: Brudee the chaotic female human Rogue entered the dungeon
  105: entered the Gnomish Mines
  136: killed by a dwarf

You didn't know any spells.

Skills:
 Fighting Skills
   bare handed combat [Unskilled]
   two weapon combat  [Unskilled]
   riding             [Unskilled]
 Weapon Skills
   dagger             [Basic]
   knife              [Unskilled]
   short sword        [Basic]
   broadsword         [Unskilled]
   long sword         [Unskilled]
   two-handed sword   [Unskilled]
   saber              [Unskilled]
   club               [Unskilled]
   mace               [Unskilled]
   morning star       [Unskilled]
   flail              [Unskilled]
   hammer             [Unskilled]
   polearms           [Unskilled]
   spear              [Unskilled]
   crossbow           [Unskilled]
   dart               [Unskilled]
   shuriken           [Unskilled]
 Spellcasting Skills
   divination spells  [Unskilled]
   escape spells      [Unskilled]
   matter spells      [Unskilled]

Voluntary challenges:
 Character rerolling was not enabled.
 You went without food.
 You were an atheist.
 You were a pacifist.
 You were illiterate.
 You never genocided any monsters.
 You never polymorphed an object.
 You never changed form.
 You used no wishes.
Achievement:
 You entered the Gnomish Mines.

 The Dungeons of Doom: levels 1 to 2
    Level 1:
    Level 2:
       Stairs down to The Gnomish Mines.
 The Gnomish Mines: levels 3 to 4
    Level 3:
    Level 4: <- You were here.
       Final resting place for
          you, killed by a dwarf.


Vanquished creatures:
  a gnome
  a newt
2 creatures vanquished.

No species were genocided or became extinct.

Game over:
                       ----------
                      /          \
                     /    REST    \
                    /      IN      \
                   /     PEACE      \
                  /                  \
                  |      Brudee      |
                  |      10 Au       |
                  |   killed by a    |
                  |      dwarf       |
                  |                  |
                  |                  |
                  |       2026       |
                 *|     *  *  *      | *
        _________)/\\_//(\/(/\)/\//\/|_)_______

Goodbye Brudee the Rogue...

You died in The Gnomish Mines on dungeon level 4 with 159 points,
and 10 pieces of gold, after 136 moves.
You were level 1 with a maximum of 12 hit points when you died.

